AoeStats
← MacDaThox

Oasis

510010413Analyzed
4v4 RM · 4d ago on Sep 29, 2026· 44m 23s· 8 players
Game mode
Random Map
Map size
Large (8 player)
Population
200
Speed
Normal
Resources
Standard
Victory
Conquest
Starting age
Dark Age
Ending age
Imperial Age
RankedLock teamsTeams togetherTeam positionsShared explorationLock speedFull tech treeHidden civsTurbo modeCheats
Victory
Defeat
🇺🇸 Koreans · United States
1197
+13
🇲🇽 Saracens · Mexico
1146
+15
🇨🇴 Aztecs · Colombia
1143
+15
🇮🇳 Persians · India
1131
+16
🇨🇱 Persians · Chile
1190
-16
🇨🇱 Franks · Chile
1182
-17
🇦🇷 Teutons · Argentina
1099
-14
🇨🇳 Romans · China
1063
-12
ajanderson120
8:01 Loom
10:30 Feudal Age
17:35 Castle Age
15:26 Double-Bit Axe
16:09 Stone Mining
18:34 Bow Saw
18:08 Horse Collar
26:24 Wheelbarrow
26:50 Heavy Plow
28:13 Gold Mining
30:27 Hand Cart
32:43 Imperial Age
30:18 Fletching
31:09 Gold Shaft Mining
31:29 Stone Shaft Mining
30:50 Treadmill Crane
31:07 Murder Holes
30:36 Crossbowman
31:41 Town Watch
32:30 Masonry
33:27 Ballistics
33:13 Arrowslits
34:29 Chemistry
33:53 Conscription
34:04 Eupseong
34:22 Bodkin Arrow
34:35 Thumb Ring
34:24 Arbalester
36:20 Architecture
36:00 Bracer
36:00 Scale Mail Armor
36:11 Forging
37:07 Caravan
38:36 Two-Man Saw
[GDL] Maldito Pantoja
6:44 Loom
9:20 Feudal Age
13:40 Fletching
16:21 Padded Archer Armor
24:02 Castle Age
22:33 Double-Bit Axe
22:39 Gold Mining
24:08 Crossbowman
24:46 Bodkin Arrow
27:56 Leather Archer Armor
28:43 Wheelbarrow
29:34 Ballistics
33:31 Bow Saw
33:57 Gold Shaft Mining
33:03 Horse Collar
39:38 Imperial Age
38:10 Hand Cart
37:41 Town Watch
38:22 Thumb Ring
38:43 Stone Mining
38:55 Heavy Plow
40:22 Bracer
39:43 Arbalester
40:55 Ring Archer Armor
41:27 Chemistry
41:55 Town Patrol
42:59 Two-Man Saw
LIGHTYRIX
10:47 Feudal Age
14:51 Castle Age
14:28 Double-Bit Axe
14:54 Horse Collar
20:22 Bloodlines
20:50 Forging
24:35 Scale Barding Armor
27:50 Iron Casting
27:35 Husbandry
29:07 Wheelbarrow
28:54 Bow Saw
34:00 Hand Cart
38:50 Imperial Age
37:24 Chain Barding Armor
38:08 Heavy Plow
38:00 Gold Mining
40:24 Chemistry
38:53 Heavy Camel Rider
40:34 Plate Barding Armor
44:45 Blast Furnace
karv.oficial
11:05 Feudal Age
11:48 Double-Bit Axe
12:00 Loom
14:03 Horse Collar
15:14 Wheelbarrow
19:05 Castle Age
17:05 Gold Mining
20:12 Hand Cart
20:11 Bow Saw
20:04 Heavy Plow
20:51 Gold Shaft Mining
23:37 Caravan
23:42 Stone Mining
25:58 Stone Shaft Mining
29:04 Imperial Age
28:37 Forging
28:28 Scale Mail Armor
30:30 Iron Casting
29:30 Eagle Warrior
31:00 Crop Rotation
30:34 Gambesons
30:41 Arson
31:36 Squires
33:34 Garland Wars
33:39 Elite Eagle Warrior
34:53 Conscription
35:42 Blast Furnace
34:57 Chain Mail Armor
37:26 Man-at-Arms
38:08 Long Swordsman
38:40 Two-Handed Swordsman
39:57 Champion
Janseth
10:48 Feudal Age
12:24 Double-Bit Axe
12:30 Loom
13:41 Bloodlines
14:45 Bloodlines
16:57 Scale Barding Armor
18:05 Bloodlines
18:15 Horse Collar
21:30 Castle Age
20:36 Bloodlines
20:37 Forging
20:26 Gold Mining
22:27 Chain Barding Armor
22:36 Bow Saw
26:41 Husbandry
27:36 Scale Mail Armor
30:15 Scale Mail Armor
30:56 Gold Shaft Mining
30:11 Stone Mining
32:44 Town Watch
33:15 Chain Mail Armor
33:48 Fletching
38:47 Squires
38:11 Pikeman
39:09 Stone Mining
38:59 Pikeman
40:03 Gambesons
MacDaThox
3:26 Loom
12:59 Feudal Age
18:21 Castle Age
16:36 Double-Bit Axe
18:45 Forging
18:40 Scale Barding Armor
21:39 Iron Casting
king vitt
0:30 Loom
12:34 Feudal Age
14:03 Wheelbarrow
13:25 Horse Collar
17:33 Double-Bit Axe
22:26 Castle Age
23:25 Hand Cart
23:23 Bow Saw
23:16 Heavy Plow
23:53 Gold Mining
27:26 Gold Shaft Mining
28:01 Town Watch
32:14 Man-at-Arms
35:31 Imperial Age
33:12 Squires
32:56 Long Swordsman
35:14 Scale Mail Armor
35:25 Forging
35:32 Legionary
36:30 Chain Mail Armor
37:02 Conscription
37:03 Comitatenses
37:32 Iron Casting
37:58 Heavy Scorpion
41:29 Chemistry
40:50 Ballistics
Jeandecorrouge
7:45 Loom
11:44 Feudal Age
13:37 Double-Bit Axe
16:34 Castle Age
21:16 Forging
22:17 Scale Barding Armor
23:37 Iron Casting
26:09 Chain Barding Armor
27:44 Wheelbarrow
26:55 Town Watch
30:14 Gold Mining
30:15 Stone Mining
32:58 Imperial Age
31:31 Hand Cart
32:19 Bloodlines
33:57 Cavalier
35:27 Fletching
35:37 Padded Archer Armor
Connection lost

Rejoining the realm…

Still unreachable

The connection could not be restored.

Session expired

The server has moved on; the page needs a fresh start.